 Dungeon Crawl Stone Soup version 0.29-a0-817-g9904bce7a6 (webtiles) character file.

Game seed: 17456567403789925416

91 blackman the Sneak (level 4, -13/35 HPs)
             Began as a Human Delver on July 5, 2022.
             Killed from afar by a steam dragon (19 damage)
             ... with a ball of steam
             ... on level 6 of the Dungeon.
             The game lasted 00:02:21 (1758 turns).

blackman the Sneak (Human Delver)                   Turns: 1758, Time: 00:02:21

Health: -13/35     AC:  3    Str: 14    XL:     4   Next: 87%
Magic:  4/4        EV: 12    Int: 11    God:
Gold:   5          SH:  0    Dex: 14    Spells: 3/3 levels left

rFire   . . .      SeeInvis .   a - +0 hand axe
rCold   . . .      Faith    .   (no shield)
rNeg    . . .      Spirit   .   b - +0 leather armour
rPois   .          Reflect  .   (no helmet)
rElec   .          Harm     .   (no cloak)
rCorr   .          Rampage  .   (no gloves)
Will    .....                   (no boots)
Stlth   +++.......              (no amulet)
HPRegen 0.11/turn               (no ring)
MPRegen 0.09/turn               (no ring)

@: hasted, very quick
A: no striking features
a: no special abilities


You were on level 6 of the Dungeon.
You visited 1 branch of the dungeon, and saw 3 of its levels.

You collected 5 gold pieces.

Inventory:

Hand Weapons
 a - a +0 hand axe (weapon)
 h - a +0 spear
Armour
 b - a +0 leather armour (worn)
Jewellery
 e - an amulet of magic regeneration
Wands
 g - a wand of digging (3)
Scrolls
 c - a scroll of fog
 d - a scroll of magic mapping


   Skills:
 - Level 3.0 Fighting
 - Level 2.0 Axes
 - Level 2.0 Dodging
 - Level 5.0 Stealth
 + Level 4.0 Evocations


You had 3 spell levels left.
You didn't know any spells.
Your spell library was empty.

Dungeon Overview and Level Annotations

Branches:
Dungeon (7/15)
 Temple: D:4-7

Altars:
Ru
Yredelemnul

Shops:
D:5 *


Message History

You start resting.
HP restored.
Found 10 gold pieces.
Found a stone staircase leading down.
Found 14 gold pieces.
An ufetubus comes into view.
A steam dragon comes into view.
The steam dragon hisses angrily.
The steam dragon breathes steam at you.
The ball of steam hits the ufetubus!
The ufetubus dies!
The ball of steam hits you!
There is a stone staircase leading down here.
You climb downwards.
Found 14 gold pieces.
There is a stone staircase leading up here.
You start resting.
HP restored.
You start waiting.
Done waiting.
You start waiting.
Done waiting.
You start waiting.
A hornet comes into view.
The hornet stings you!
You feel yourself slow down.
You climb upwards.
You feel yourself speed up. The steam dragon breathes steam at you.
The ball of steam hits you.
There is a stone staircase leading down here.
The steam dragon breathes steam at you. The ball of steam hits you!
* * * LOW HITPOINT WARNING * * *
You feel yourself speed up.
You see here 14 gold pieces.
The steam dragon breathes steam at you. The ball of steam hits you!!
Ouch! That really hurt!
You die...

##..# .## #....# ...#
#..... ###### #...#
#..... #....## #.....
#.....###.....##......
#.....#.D...#.....#
#.....$.#§§......#
#######.......§@...##
##....##.#..........#
........................
#........>..........#.≈≈
.............#.....## ≈.
.............##.#..# .
................####
.................
#.............#..#


You could see a steam dragon (catching breath).

Vanquished Creatures
  2 hounds
  An iguana (D:5)
  An adder (D:5)
4 creatures vanquished.

Vanquished Creatures (others)
  An ufetubus (D:6)
1 creature vanquished.

Grand Total: 5 creatures vanquished

Notes
Turn   | Place    | Note
-------+----------+-------------------------------------------
     0 | D:5      | blackman the Human Delver began the quest for the Orb.
     0 | D:5      | Reached XP level 1. HP: 18/18 MP: 1/1
     7 | D:5      | Noticed an iguana
    20 | D:5      | Killed an iguana
    21 | D:5      | Reached XP level 2. HP: 5/24 MP: 2/2
    21 | D:5      | Reached XP level 3. HP: 6/29 MP: 3/3
    27 | D:5      | Found a basalt altar of Yredelemnul.
   325 | D:5      | Noticed an ice beast
   356 | D:5      | Noticed a water moccasin
   360 | D:5      | Found a sacrificial altar of Ru.
   373 | D:5      | Reached XP level 4. HP: 26/35 MP: 4/4
   769 | D:5      | Found Etzizyot's Assorted Antiques.
   769 | D:5      | Noticed a hornet
  1013 | D:6      | Noticed a phantom
  1328 | D:6      | Noticed a steam dragon
  1745 | D:7      | Noticed a hornet
  1758 | D:6      | Killed from afar by a steam dragon

Illustrated notes

Levels and vault maps discovered:
D:5:      layout_loops_ring, lemuel_coloured_pillars_altar,
          mainiacjoe_overflow_24_doors, serial_shops, nicolae_stop_n_shop_1,
          uniq_menkaure
D:6:      layout_cave_pools, mainiacjoe_overflow_brackets
D:7:      cheibrodos_barr_body, layout_rooms, mainiacjoe_overflow_cross_hatched,
          minmay_manual_moon

Skill      XL: |  1  2  3  4 |
---------------+-------------+-----
Evocations     | 2 3 4 |  4.0
Fighting       | |  3.0
Axes           | |  2.0
Dodging        | |  2.0
Stealth        | |  5.0

Action                   |  1- 3 |  4- 6 || total
-------------------------+-------+-------++-------
Melee: Hand axe          |    17 |    17 ||    34
  Use: Potion            |     1 |     1 ||     2
       Scroll            |       |     2 ||     2
Armor: Leather armour    |     1 |     7 ||     8
Dodge: Dodged            |    11 |    10 ||    21

Table legend: (Time is in decaauts)
 A = Elapsed time spent in this place.
 B = Non-inter-level travel time spent in this place.
 C = Inter-level travel time spent in this place.
 D = Time resting spent in this place.
 E = Time spent auto-exploring this place.
 F = Levels seen in this place.
 G = Mean time per level.
                   A        B        C        D        E       F      G
               +--------+--------+--------+--------+--------+-----+--------+
         Total |   1744 |   1744 |      0 |   1124 |    369 |   3 |  581.3 |
       Dungeon |   1744 |   1744 |      0 |   1124 |    369 |   3 |  581.3 |
               +--------+--------+--------+--------+--------+-----+--------+

Top non-repeatable levels by time:
     D:5: 766 daAuts
     D:6: 564 daAuts
     D:7: 413 daAuts
